 Dungeon Crawl Stone Soup version 0.24-a0-411-g4df2b1290f (webtiles) character file.

Game seed: 9381602529185892049

112 Ishchenko the Firebug (level 5, -2/52 HPs)
             Began as a Human Fire Elementalist on June 6, 2019.
             Killed from afar by an orc (24 damage)
             ... with an exploding inner flame
             ... hexed by the player character
             ... on level 3 of the Dungeon.
             The game lasted 00:23:03 (2378 turns).

Ishchenko the Firebug (Human Fire Elementalist)     Turns: 2378, Time: 00:23:03

Health: -2/52      AC:  2    Str: 11 (13) XL:     5   Next: 16%
Magic:  9/9        EV: 14    Int: 19 (21) God:
Gold:   89         SH:  0    Dex: 12 (14) Spells: 1/10 levels left

rFire    . . .     SeeInvis .   j - +4 whip
rCold    . . .     Gourm    .   (no shield)
rNeg     . . .     Faith    .   a - +0 robe
rPois    .         Spirit   .   (no helmet)
rElec    .         Reflect  .   (no cloak)
rCorr    .         Harm     .   (no gloves)
MR       .....                  (no boots)
Stlth    ..........             (no amulet)
HPRegen  0.17/turn              (no ring)
MPRegen  0.11/turn              (no ring)

@: brilliant, berserking, very slightly contaminated, hasted, very quick
A: repulsion field 1, subdued magic 1
a: no special abilities


You were on level 3 of the Dungeon.
You were hungry.

You visited 1 branch of the dungeon, and saw 3 of its levels.

You collected 89 gold pieces.

Inventory:

Hand Weapons
 j - a +4 whip (weapon)
Armour
 a - a +0 robe (worn)
Scrolls
 d - 4 scrolls of remove curse
 e - 2 scrolls of identify
Potions
 k - 2 potions of berserk rage
Comestibles
 c - 7 rations
 p - a chunk of flesh


   Skills:
 + Level 0.1 Fighting
 + Level 0.5 Maces & Flails
 + Level 2.4 Dodging
 + Level 2.2 Stealth
 + Level 0.1 Unarmed Combat
 + Level 3.0 Spellcasting
 + Level 2.1 Conjurations
 + Level 3.8 Fire Magic


You had one spell level left.
You knew the following spells:

 Your Spells              Type           Power        Failure   Level  Hunger
a - Flame Tongue          Conj/Fire      ###..        1%          1    None
b - Throw Flame           Conj/Fire      ###...       1%          2    ##.....
c - Conjure Flame         Conj/Fire      ###.....     1%          3    ###....
d - Inner Flame           Hex/Fire       ###.....     2%          3    ###....

Your spell library contained the following spells:

 Spells                   Type           Power        Failure   Level  Hunger
 Sticky Flame             Conj/Fire      ###.....     4%          4    ####...
 Fireball                 Conj/Fire      ###.......   12%         5    ######.


Dungeon Overview and Level Annotations

Branches:
Dungeon (2/15)

Altars:
Zin

Annotations:
D:2 Natasha
D:3 Grinder, Terence


Innate Abilities, Weirdness & Mutations

You are surrounded by a mild repulsion field. (EV +2)
Your spells are a little easier to cast, but a little less powerful.


Message History

You suddenly lose the ability to move!
The orc hits you but does no damage.
Grinder blinks!
The orc hits you but does no damage.
You can move again.
It was a potion of berserk rage.
A red film seems to cover your vision as you go berserk!
You feel yourself moving faster!
You feel mighty! Grinder gestures at you. Pain shoots through your body!
You are too berserk!
You whack the orc!
The orc explodes!
The fiery explosion engulfs the orc!!!
The orc explodes!
The fiery explosion engulfs the orc!!!
The orc explodes!
The fiery explosion engulfs the orc!!
You kill the orc!
Your Spellcasting skill increases to level 3!
The fiery explosion engulfs you!!
You die...

#######
####5......
#.#@# #§##
#§# #§# #§#
#o# .. ..#
#. #o# #
..###.. .g#
#.#
#.#.#$#.#
... #.#
.#.###.#


You could see Grinder (inner flame), an orc priest and an orc.

Vanquished Creatures
  Natasha (D:2)
  An adder (D:2)
  A gnoll (D:1)
  An ooze (D:1)
  2 worms (D:2)
  2 dart slugs (D:1)
  3 leopard geckos
  3 orcs (D:3)
  2 giant cockroaches (D:2)
  8 goblins
  4 hobgoblins
  7 bats
  6 frilled lizards
  7 kobolds
  4 rats
52 creatures vanquished.

Notes
Turn   | Place    | Note
-------+----------+-------------------------------------------
     0 | D:1      | Ishchenko the Human Fire Elementalist began the quest for
                  | the Orb.
     0 | D:1      | Reached XP level 1. HP: 13/13 MP: 3/3
   149 | D:1      | Reached XP level 2. HP: 19/19 MP: 0/5
   281 | D:1      | Learned a level 2 spell: Throw Flame
   398 | D:1      | Reached XP level 3. HP: 24/24 MP: 1/6
  1466 | D:2      | Reached XP level 4. HP: 30/30 MP: 6/8
  1493 | D:2      | Found a glowing silver altar of Zin.
  1667 | D:2      | Noticed Natasha
  1680 | D:2      | Killed Natasha
  1859 | D:2      | Noticed Natasha
  1949 | D:2      | Learned a level 3 spell: Conjure Flame
  2046 | D:2      | Reached XP level 5. HP: 35/35 MP: 4/9
  2094 | D:2      | Learned a level 3 spell: Inner Flame
  2205 | D:2      | You fall into a shaft and drop 1 floor!
  2275 | D:3      | Noticed Terence
  2369 | D:3      | Noticed Grinder
  2372 | D:3      | Gained mutation: Your spells are a little easier to cast,
                  | but a little less powerful. [potion of mutation]
  2372 | D:3      | Gained mutation: You are surrounded by a mild repulsion
                  | field. (EV +2) [potion of mutation]
  2375 | D:3      | Paralysed by Grinder for 2 turns
  2378 | D:3      | Killed from afar by an orc

Levels and vault maps discovered:
D:1:      nzn_arrival_depleted_hourglass, layout_basic
D:2:      layout_loops_ring, nicolae_overflow_hidden_temple, chequers_jeans,
          minmay_fractal_squares_gapless_5, uniq_natasha
D:3:      cheibrodos_old_hovel, layout_loops_ring, marbit_many_paths,
          first_ration, st_stairs_8, item_on_display_a, uniq_jessica,
          uniq_terence, uniq_grinder

Skill      XL: |  1  2  3  4  5 |
---------------+----------------+-----
Conjurations   | 2 |  2.1
Spellcasting   | 3 |  3.0
Fighting       | |  0.1
Maces & Flails | |  0.5
Dodging        | |  2.4
Stealth        | |  2.2
Unarmed Combat | |  0.1
Fire Magic     | |  3.8

Action                   |  1- 3 |  4- 6 || total
-------------------------+-------+-------++-------
Melee: Unarmed           |    10 |       ||    10
       Whip              |    10 |    16 ||    26
 Cast: Flame Tongue      |    43 |    36 ||    79
       Throw Flame       |     3 |     7 ||    10
       Conjure Flame     |       |     1 ||     1
  Use: Potion            |       |     9 ||     9
       Scroll            |       |     6 ||     6
  Eat: Chunk             |     2 |     3 ||     5
Armor: Robe              |     8 |     9 ||    17
Dodge: Dodged            |    17 |    20 ||    37

Table legend:
 A = Non-vault XP
 B = Vault XP
 C = Vault XP percentage of total XP
 D = Non-vault monster count
 E = Vault monster count
 F = Vault count percentage of total count
                 A         B        C        D         E       F
            +---------+---------+-------+---------+---------+-------
      Total |     126 |      35 |  21.7 |      51 |       1 |   1.9
            +---------+---------+-------+---------+---------+-------
        D:1 |      68 |       0 |   0.0 |      31 |       0 |   0.0
        D:2 |      47 |      35 |  42.7 |      15 |       1 |   6.2
        D:3 |      11 |       0 |   0.0 |       5 |       0 |   0.0
            +---------+---------+-------+---------+---------+-------
